 Dungeon Crawl Stone Soup version 0.31-a0-859-g9dce7d3444 (webtiles) character file.

Game seed: 9766387978742397602

84 BinkBink the Trooper (level 4, -3/40 HPs)
             Began as a Minotaur Fighter on Oct 10, 2023.
             Killed by divine providence
             ... invoked by an orc priest
              (13 damage)
             ... on level 3 of the Dungeon.
             The game lasted 00:01:53 (1842 turns).

BinkBink the Trooper (Minotaur Fighter)             Turns: 1842, Time: 00:01:53

Health: -3/40      AC:  8    Str: 22    XL:     4   Next: 24%
Magic:  3/3        EV:  9    Int:  5    God:
Gold:   114        SH:  4    Dex: 10    Spells: 3/3 levels left

rFire   . . .        a - +0 flail
rCold   . . .        c - +0 buckler
rNeg    . . .        b - +0 scale mail
rPois   .            (helmet restricted)
rElec   .            (no cloak)
rCorr   +            l - +0 pair of gloves
SInv    .            (no boots)
Will    .....        (no amulet) Stlth
                     m - ring of resist corrosion
HPRegen 0.26/turn    (no ring)
MPRegen 0.08/turn

%: no passive effects
@: no status effects
A: horns 2, retaliatory headbutt
a: no special abilities


You were on level 3 of the Dungeon.
You visited 1 branch of the dungeon, and saw 3 of its levels.

You collected 114 gold pieces.

Inventory:

Hand Weapons
 a - a +0 flail (weapon)
Armour
 b - a +0 scale mail (worn)
 c - a +0 buckler (worn)
 l - a +0 pair of gloves (worn)
Jewellery
 m - a ring of resist corrosion (left hand)
Scrolls
 e - a scroll of summoning {unknown}
 f - 2 scrolls of vulnerability {unknown}
 i - 6 scrolls of identify {unknown}
 k - a scroll of blinking {unknown}
 n - a scroll of torment {unknown}
 o - 2 scrolls of revelation {unknown}
Potions
 d - a potion of might
 g - 2 potions of berserk rage {unknown}
 h - 2 potions of curing
 j - a potion of attraction {unknown}
 p - a potion of enlightenment {unknown}


   Skills:
 + Level 4.2 Fighting
 * Level 3.9 Maces & Flails
 + Level 4.2 Armour
 + Level 4.2 Shields


You had 3 spell levels left.
You didn't know any spells.
Your spell library contained the following spells:

 Spells                   Type           Power      Damage    Failure   Level
 Hailstorm                Conj/Ice       0%         3d3       99%         3
 Summon Ice Beast         Ice/Summ       0%         N/A       100%        4
 Simulacrum               Ice/Necr       0%         N/A       100%        6


Dungeon Overview and Level Annotations

Branches:
Dungeon (3/15)

Altars:


Innate Abilities, Weirdness & Mutations

You have a pair of horns on your head.
You reflexively headbutt those who attack you in melee.


Message History

An orc is nearby!
An orc is nearby!
The orc shouts!
You hear a shout! x3
An orc priest comes into view. It is wielding a +0 hand axe.
An orc comes into view. It is wielding a +0 trident.
The orc closely misses you.
You hit the orc. You headbutt the orc, but do no damage.
The orc is lightly wounded.
An orc comes into view. It is wielding a +0 dagger.
The orc closely misses you.
You hit the orc. Your headbutt misses the orc.
The orc is moderately wounded.
The orc hits you with a +0 flail!
The orc priest miscasts a cantrip.
You block the orc's attack.
You hit the orc but do no damage. You headbutt the orc.
The orc is almost dead.
You block the orc's attack.
You barely miss the orc. Your headbutt misses the orc.
The orc is almost dead.
The orc hits you with a +0 flail.
You barely miss the orc.
The orc is almost dead.
The orc hits you with a +0 flail.
The orc hits you from afar with a +0 trident.
You are too injured to fight recklessly!
You are too injured to fight recklessly!
You closely miss the orc priest. The orc barely misses you.
The orc priest barely misses you.
The orc hits you from afar with a +0 trident.
The orc priest mumbles some strange prayers to Beogh against you.
Beogh smites you!
* * * LOW HITPOINT WARNING * * *
The orc hits you from afar with a +0 trident.
* * * LOW HITPOINT WARNING * * *
You block the orc's attack.
It was a potion of curing.
You feel better.
The orc priest calls down the wrath of Beogh upon you.
Beogh smites you!
You die...

########
#......#
#.####.# #.#
#.# #####
#.#
##.#####...#
#.#
#........#.#
#.#
#..#####..@#
#.# #..#
##.oooo....
#.###..#
###......#
#......#
#....##
#####.##
#.### #.# .#
#.# # #.###
#+## ##...#
##...##


You could see an orc priest and 3 orcs.

Vanquished Creatures
  An adder (D:2)
  2 worms (D:2)
  2 dart slugs
  4 orcs (D:2)
  A ball python (D:2)
  7 bats
  5 endoplasms
  A giant cockroach (D:1)
  4 goblins
  8 hobgoblins
  8 kobolds
  3 quokkas
  5 frilled lizards (D:1)
  5 rats
56 creatures vanquished.

Notes
Turn   | Place    | Note
-------+----------+-------------------------------------------
     0 | D:1      | BinkBink the Minotaur Fighter began the quest for the Orb.
     0 | D:1      | Reached XP level 1. HP: 19/19 MP: 0/0
   119 | D:1      | Reached XP level 2. HP: 27/27 MP: 1/1
   563 | D:1      | Reached XP level 3. HP: 33/33 MP: 2/2
  1461 | D:2      | Reached XP level 4. HP: 37/40 MP: 3/3
  1842 | D:3      | Killed from afar by an orc priest

Illustrated notes

Levels and vault maps discovered:
D:1:      minmay_arrival_split_and_join, layout_loops_cross, grunt_decor_cap
D:2:      layout_loops_ring
D:3:      layout_loops_corners, nicolae_dithmenos_the_darkroom,
          grunt_ministairs_11, due_unseen_surprise

Skill      XL: |  1  2  3 |
---------------+----------+-----
Maces & Flails | 3 |  3.9
Armour         | 4 |  4.2
Fighting       | 4 |  4.2
Shields        | 4 |  4.2

Action                     |  1- 3 |  4- 6 || total
---------------------------+-------+-------++-------
  Melee: Flail             |   108 |    16 ||   124
         Headbutt          |    12 |     5 ||    17
    Use: Potion            |       |     1 ||     1
 Armour: Scale mail        |    68 |    11 ||    79
  Dodge: Dodged            |    38 |     5 ||    43
  Block: Buckler           |    25 |     5 ||    30

Table legend: (Time is in decaauts)
 A = Elapsed time spent in this place.
 B = Non-inter-level travel time spent in this place.
 C = Inter-level travel time spent in this place.
 D = Time resting spent in this place.
 E = Time spent auto-exploring this place.
 F = Levels seen in this place.
 G = Mean time per level.
                   A        B        C        D        E       F      G
               +--------+--------+--------+--------+--------+-----+--------+
         Total |   1875 |   1771 |    104 |      0 |   1445 |   3 |  625.0 |
       Dungeon |   1875 |   1771 |    104 |      0 |   1445 |   3 |  625.0 |
               +--------+--------+--------+--------+--------+-----+--------+

Top non-repeatable levels by time:
     D:1: 939 daAuts
     D:2: 859 daAuts
     D:3: 75 daAuts
